 Dungeon Crawl Stone Soup version 0.30.0-21-gd299b56b3f (webtiles) character file.

Game seed: 11609454667306921047

28 qw the Shield-Bearer (level 3, 0/23 HPs)
             Began as a Gargoyle Fighter on June 2, 2023.
             Slain by Sigmund
             ... wielding a +0 scythe
              (2 damage)
             ... on level 2 of the Dungeon.
             The game lasted 00:00:22 (442 turns).

qw the Shield-Bearer (Gargoyle Fighter)              Turns: 442, Time: 00:00:22

Health: 0/23       AC: 12    Str: 21    XL:     3   Next: 14%
Magic:  0/3        EV:  7    Int:  8    God:
Gold:   96         SH:  4    Dex:  9    Spells: 2/2 levels left

rFire   . . .        Y - +0 war axe
rCold   . . .        c - +0 buckler
rNeg    + . .        i - +0 chain mail
rPois   inf          (no helmet)
rElec   +            (no cloak)
rCorr   .            (no gloves)
SInv    .            (no boots)
Will    .....        k - amulet of guardian spirit Stlth
                     (no ring)
HPRegen 0.23/turn    (no ring)
MPRegen 0.08/turn

%: guardian spirit
@: no status effects
A: sickness immunity, AC +3, negative energy resistance 1, electricity
resistance, torment resistance 1, petrification resistance
a: no special abilities


You were on level 2 of the Dungeon.
You visited 1 branch of the dungeon, and saw 2 of its levels.

You collected 96 gold pieces.


Innate Abilities, Weirdness & Mutations

You are immune to sickness and miasma.
Your stone body is resilient. (AC +3)
You are immune to poison.
You resist negative energy. (rN+)
You are resistant to electric shocks. (rElec)
You are resistant to unholy torment.
You are immune to petrification.


   Skills:
 - Level 3.2 Fighting
 + Level 3.2 Axes
 - Level 3.2 Armour
 - Level 3.2 Shields


You had 2 spell levels left.
You didn't know any spells.
Your spell library was empty.

Inventory:

Hand Weapons
 f - a +0 club
 Y - a +0 war axe (weapon)
Armour
 c - a +0 buckler (worn)
 i - a +0 chain mail (worn)
Jewellery
 k - an amulet of guardian spirit (around neck)
Potions
 d - a potion of might
 h - a potion of attraction {unknown}

Dungeon Overview and Level Annotations

Branches:
Dungeon (2/15)

Altars:

Annotations:
D:2 Sigmund


Message History

Sigmund casts a spell at you. You resist with significant effort.
The adder bites you but does no damage.
Things that are here:
a +0 short sword; a stone You closely miss the adder.
The adder completely misses you. The adder barely misses you.
You closely miss the adder. The adder bites you. Sigmund closely misses you.
The adder bites you but does no damage.
You closely miss the adder. You barely miss the worm.
The adder bites you but does no damage. You block the worm's attack.
Sigmund hits you but does no damage.
You slash the adder!
The adder is almost dead.
You hit the worm. The adder barely misses you.
The adder bites you but does no damage. The worm bites you.
Sigmund hits you from afar with a +0 scythe.
You barely miss the adder.
The adder is almost dead.
You hit the worm. You block the adder's attack. The adder bites you.
The worm bites you.
You slash the adder!
You kill the adder!
You hit the worm. Sigmund casts a spell at you. The magic dart hits you.
Sigmund gestures wildly while chanting.
Sigmund flickers and vanishes!
Deactivating autopickup; reactivate with Ctrl-A.
The worm bites you but does no damage.
Your Axes skill increases to level 3!
You have reached level 3!
Your experience leads to an increase in your attributes!
Increase (S)trength, (I)ntelligence, or (D)exterity?
You feel stronger. x2
You slash the worm!
The worm is almost dead.
Something hits you.
You die...

###.#####..
#.........
#........
#?......#
#.......#
#.....{.#
#....?..#
#...w@..#
#....>..#
#....<..#
#########


You could see a worm.

Vanquished Creatures
  An adder (D:2)
  2 endoplasms (D:1)
  A giant cockroach (D:1)
  2 hobgoblins (D:1)
  4 jackals (D:1)
  A quokka (D:1)
  2 ball pythons (D:1)
  2 kobolds
  3 rats (D:1)
18 creatures vanquished.

Notes
Turn   | Place    | Note
-------+----------+-------------------------------------------
     0 | D:1      | qw the Gargoyle Fighter began the quest for the Orb.
     0 | D:1      | Reached XP level 1. HP: 14/14 MP: 1/1
     0 | D:1      | 0 ||| qw: Version: 0.2-a-102-gdf20003
     0 | D:1      | 0 ||| qw: Game counter: 800
     0 | D:1      | 0 ||| qw: Always use a shield: true
     0 | D:1      | 0 ||| qw: God list: Okawaru
     0 | D:1      | 0 ||| qw: Allow faded altars: false
     0 | D:1      | 0 ||| qw: Do Orc after D:15 true
     0 | D:1      | 0 ||| qw: Do second Lair branch before Depths: true
     0 | D:1      | 0 ||| qw: Lair rune preference: random
     0 | D:1      | 0 ||| qw: Plans: Normal, Zot:1-4, Slime:5, God:TSO, Crypt,
                  | Tomb, Pan, Hells, Abyss, Win
     0 | D:1      | 0 ||| PLANNING D:1-11
    81 | D:1      | 81 ||| Stepping ~*~*~tactically~*~*~ (hiding).
    88 | D:1      | HP: 3/14 [kobold/+0 short sword (3)]
    91 | D:1      | 91 ||| Stepping ~*~*~tactically~*~*~ (stealth).
    94 | D:1      | HP: 3/14 [jackal (2)]
   165 | D:1      | Reached XP level 2. HP: 19/19 MP: 2/2
   408 | D:1      | 408 ||| UPGRADING to +0 chain mail.
   418 | D:1      | 418 ||| DROPPING +0 scale mail.
   419 | D:1      | 419 ||| UPGRADING to amulet of guardian spirit.
   424 | D:1      | 424 ||| DROPPING +6 ring of intelligence.
   425 | D:1      | 425 ||| READING scroll labelled YVYBUZA NEIGEM.
   429 | D:1      | 429 ||| READING scroll labelled ONOES YTUAMA.
   433 | D:2      | Noticed Sigmund
   440 | D:2      | HP: 4/19 [worm (6)]
   441 | D:2      | HP: 1/19 [Sigmund/magic dart (3)]
   442 | D:2      | Reached skill level 3 in Axes
   442 | D:2      | Reached XP level 3. HP: 2/23 MP: 0/3
   442 | D:2      | Slain by Sigmund

Levels and vault maps discovered:
D:1:      amcnicky_arrival_double_pillar, layout_rooms
D:2:      layout_rooms, uniq_jessica, uniq_robin, uniq_sigmund

Skill      XL: |  1  2 |
---------------+-------+-----
Axes           | 2 3 |  3.2
Fighting       | |  3.2
Armour         | |  3.2
Shields        | |  3.2

Action                     || total
---------------------------++-------
  Melee: War axe           ||    49
    Use: Scroll            ||     2
 Armour: Scale mail        ||    22
         Chain mail        ||     6
  Dodge: Dodged            ||    13
  Block: Buckler           ||    10

Table legend:
 A = Non-vault XP
 B = Vault XP
 C = Vault XP percentage of total XP
 D = Non-vault monster count
 E = Vault monster count
 F = Vault count percentage of total count
                 A         B        C        D         E       F
            +---------+---------+-------+---------+---------+-------
      Total |      41 |       0 |   0.0 |      18 |       0 |   0.0
            +---------+---------+-------+---------+---------+-------
        D:1 |      26 |       0 |   0.0 |      16 |       0 |   0.0
        D:2 |      15 |       0 |   0.0 |       2 |       0 |   0.0
            +---------+---------+-------+---------+---------+-------
